Map: Central Protocol

Players

Wellmet

  • Race: Terran Terran
  • League: Platinum

Blade - Winner!

  • Race: Zerg Zerg
  • League: Platinum

VOD

Have the link to the VOD?

Description

Time

  • Played on: Nov. 11, 2015, 9:52 p.m.
  • Length: 14:52
Show
View Real Time Build Order
Export as new Build Order

Wellmet Terran 

Build Orders: Command Center First (CC), MMM Bio 

Get SALT Encoding   

  12  0:01  SCV  
  13  0:13  SCV  
  14  0:19  Supply Depot  
  14  0:25  SCV  
  15  0:40  SCV  
  16  0:53  SCV  
  17  1:01  Command Center  
  17  1:06  SCV  
  18  1:16  Barracks  
  18  1:19  SCV  
  18  1:25  Refinery  
  19  1:31  SCV  
  20  1:43  SCV  
  21  2:04  Orbital Command  
  21  2:05  Marine  
  22  2:14  Orbital Command  
  22  2:25  Marine  
  22  2:29  Factory  
  23  2:31  SCV  
  24  2:41  SCV  
  24  2:43  SCV  
  26  2:46  Barracks Reactor  
  26  2:56  Command Center, SCV x2  
  28  3:08  SCV x2, Refinery  
  30  3:20  SCV x2  
  30  3:22  Starport  
  32  3:29  Hellion x2  
  32  3:30  Barracks Tech Lab  
  35  3:34  SCV x2  
  36  3:46  SCV x2  
  36  3:50  Hellion  
  38  3:57  Stimpack  
  38  4:07  Supply Depot  
  38  4:08  SCV x2, Hellion, Marauder  
  44  4:10  Orbital Command  
  44  4:14  Hellion  
  46  4:19  Viking  
  46  4:21  SCV x2  
  50  4:33  SCV  
  50  4:37  SCV  
  50  4:38  SCV  
  53  4:50  SCV x2  
  53  4:51  Marauder  
  57  4:52  Starport Reactor  
  57  5:02  SCV x2, Refinery x2, Engineering Bay, Barracks x2  
  57  5:04  Engineering Bay, Barracks, Factory Reactor  
  59  5:07  Supply Depot  
  61  5:14  Marauder  
  61  5:29  SCV x2  
  61  5:31  Orbital Command  
  63  5:38  Marauder  
  63  5:41  SCV x2  
  63  5:45  Terran Infantry Weapons Level 1  
  63  5:46  Terran Infantry Armor Level 1  
  59  5:51  Supply Depot  
  59  5:53  SCV  
  59  5:56  Supply Depot  
  60  5:59  Marine x2  
  60  6:04  Combat Shields  
  62  6:06  Factory Tech Lab  
  62  6:08  Marine  
  62  6:10  Starport Reactor  
  62  6:11  SCV  
  64  6:12  SCV x2  
  64  6:14  Marine  
  64  6:15  Marine x2  
  64  6:17  Marine  
  70  6:24  Supply Depot, Marine x2  
  72  6:26  Siege Tank  
  72  6:27  SCV x2, Supply Depot  
  77  6:34  Barracks  
  77  6:36  Barracks  
  77  6:39  Barracks  
  77  6:41  Marine  
  77  6:42  Marine  
  77  6:44  Marine x2  
  77  6:45  Marine  
  82  6:47  Medivac x2  
  82  6:48  SCV x2  
  82  6:53  SCV  
  89  6:57  Command Center  
  89  6:58  Supply Depot  
  89  7:00  Supply Depot  
  89  7:01  Armory  
  89  7:02  Missile Turret  
  89  7:03  Missile Turret  
  89  7:04  SCV x2, Missile Turret  
  89  7:05  SCV  
  89  7:06  Marine x2  
  94  7:11  Siege Tank  
  94  7:14  Marine x2  
  99  7:16  SCV x2  
  99  7:19  Marine  
  102  7:24  Barracks Reactor  
  102  7:25  Barracks Reactor  
  102  7:29  SCV x2  
  104  7:30  Supply Depot x2  
  104  7:31  Bunker  
  104  7:36  Marine x3  
  107  7:37  Barracks Reactor, Supply Depot  
  107  7:38  Supply Depot, Concussive Shells  
  107  7:40  Medivac  
  107  7:43  Medivac  
  111  7:45  Marine  
  111  7:46  Marine x3  
  115  7:51  Siege Tank  
  115  7:55  Marine x2  
  120  7:58  Marine  
  120  8:01  Liberator x2  
  120  8:04  Marine x2  
  100  8:05  Marine  
  100  8:06  Marine x2  
  100  8:13  Marine x4  
  100  8:14  Marine  
  109  8:20  Terran Infantry Weapons Level 2  
  109  8:21  Marine  
  109  8:23  Marine  
  111  8:27  Factory  
  111  8:31  Marine  
  111  8:32  Terran Infantry Armor Level 2  
  111  8:34  Marine x5  
  116  8:41  Marine  
  116  8:42  Marine x2  
  116  8:46  Siege Tank  
  116  8:47  Marine x2  
  116  8:48  Liberator  
  124  8:50  Marine x3  
  124  8:51  Marine  
  124  8:53  Marine x3  
  131  8:57  Supply Depot  
  131  9:07  Marine x2  
  134  9:14  Marine  
  134  9:15  Marine x2  
  128  9:17  Marine x2  
  128  9:21  Marine x2  
  126  9:26  Missile Turret  
  126  9:28  Marine x2  
  126  9:29  Marine  
  126  9:30  Missile Turret  
  124  9:36  SCV x2  
  122  9:39  Factory Tech Lab  
  122  9:40  Marine x4  
  122  9:41  Marine x6  
  122  9:44  SCV  
  133  9:46  Marine x2  
  133  9:48  SCV  
  136  9:56  Marine  
  136  9:57  Siege Tank  
  142  10:00  Starport Reactor  
  142  10:02  SCV x2, Planetary Fortress  
  142  10:04  Missile Turret, Marine x2  
  144  10:08  Marine x3  
  144  10:12  SCV  
  144  10:14  SCV  
  149  10:15  Marine  
  149  10:17  Supply Depot  
  150  10:25  Liberator, Marine x6  
  150  10:26  Marine  
  148  10:34  Marine  
  148  10:35  Marauder, Marine x2  
  143  10:40  Command Center, Siege Tank  
  149  10:45  Medivac  
  149  10:47  Marine  
  149  10:48  Marine  
  147  10:50  Refinery  
  147  10:51  Siege Tank  
  147  10:52  Marine  
  147  10:53  Marine  
  154  10:57  Marauder  
  154  11:00  Starport  
  132  11:05  Marine x2  
  132  11:09  Marine x4  
  117  11:13  Siege Tank  
  117  11:15  Medivac  
  117  11:16  Marine  
  117  11:17  Marine x2  
  125  11:23  Siege Tank  
  128  11:27  Marine x8  
  128  11:29  SCV x2  
  128  11:32  Marine x2  
  140  11:34  Marine x2  
  140  11:35  Marine  
  138  11:44  Marine  
  138  11:45  Marine x3  
  142  11:47  SCV x2  
  144  11:54  Marine x2  
  144  11:55  Marine x2  
  144  11:57  Marine x2  
  150  12:02  SCV x4  
  150  12:04  Marine x2  
  156  12:13  Marine x2  
  150  12:18  Marine x5  
  150  12:20  SCV  
  150  12:21  Marine x3  
  148  12:22  Medivac  
  148  12:23  Medivac  
  148  12:25  Starport Reactor  
  152  12:33  Marine x2  
  152  12:35  Siege Tank x2  
  152  12:36  Missile Turret  
  160  12:49  Marine  
  160  12:50  Marine x9  
  148  12:58  Marine x2  
  148  12:59  Marine  
  148  13:03  Medivac x2  
  148  13:04  Medivac x2  
  156  13:07  Siege Tank  
  156  13:10  Command Center  
  156  13:11  Marine x9  
  165  13:15  Refinery, Marine  
  166  13:27  Marine x2  
  168  13:35  Siege Tank  
  168  13:39  Marine x2  
  151  13:43  Marine x9  
  151  13:44  Marine  
  151  13:45  Marine  
  120  13:55  Siege Tank  
  120  13:57  Marine x2  
  120  14:01  Marine x6  
  120  14:02  Marauder  
  129  14:04  Marine x2  
  129  14:07  Siege Tank  
  129  14:08  Marine  
  133  14:20  Marine x2  
  133  14:24  Marine x3  
  128  14:27  Marine x2  
  128  14:29  Marine x4  
  106  14:33  Marine x2  
Show
View Real Time Build Order
Export as new Build Order

Blade Zerg - Winner!

Build Orders: Hatch First, Lurkers, Muta Ling Bane 

Get SALT Encoding   

  12  0:01  Drone  
  13  0:14  Overlord  
  13  0:18  Drone  
  14  0:33  Drone x2  
  16  0:39  Drone  
  17  0:56  Hatchery  
  16  1:02  Drone x2  
  18  1:05  Extractor  
  17  1:22  Drone, Spawning Pool  
  17  1:28  Drone  
  18  1:33  Drone  
  19  1:44  Overlord  
  19  1:55  Drone  
  20  2:10  Queen  
  20  2:11  Metabolic Boost, Queen  
  20  2:14  Zergling x2  
  25  2:18  Zergling x2  
  26  2:25  Drone  
  26  2:26  Drone  
  28  2:34  Zergling x2  
  28  2:35  Drone x2  
  31  2:44  Zergling x2  
  31  2:46  Overlord  
  31  2:49  Queen  
  33  3:01  Drone  
  34  3:06  Queen  
  34  3:07  Drone  
  34  3:08  Drone x2  
  39  3:23  Hatchery, Drone x2  
  40  3:27  Drone  
  40  3:28  Drone  
  40  3:33  Drone  
  42  3:40  Drone  
  43  3:45  Overlord  
  42  3:49  Extractor  
  40  3:56  Extractor  
  40  3:58  Extractor  
  38  4:03  Roach Warren  
  38  4:04  Evolution Chamber  
  38  4:05  Evolution Chamber  
  38  4:06  Drone x6  
  41  4:14  Overlord  
  41  4:16  Drone x2  
  43  4:22  Drone  
  43  4:23  Zergling x4  
  43  4:24  Zergling x2  
  46  4:30  Zergling x2  
  47  4:38  Zerg Ground Armor Level 1, Zerg Melee Weapons Level 1  
  47  4:43  Drone  
  47  4:44  Drone  
  47  4:45  Drone  
  50  4:46  Drone  
  51  4:53  Drone  
  51  4:54  Drone x2  
  51  4:57  Drone  
  51  4:58  Drone  
  56  5:04  Lair  
  56  5:11  Baneling Nest  
  55  5:18  Roach  
  55  5:19  Overlord  
  55  5:20  Overlord  
  57  5:22  Pneumatized Carapace  
  56  5:40  Drone x3  
  56  5:41  Drone x5  
  56  5:42  Drone x3  
  66  5:51  Drone  
  66  5:55  Drone  
  66  5:56  Drone  
  69  6:00  Drone  
  69  6:01  Drone  
  69  6:03  Centrifical Hooks  
  70  6:04  Extractor  
  70  6:05  Spire, Extractor  
  67  6:11  Drone  
  68  6:24  Hatchery  
  67  6:25  Overlord  
  67  6:27  Drone  
  67  6:30  Hatchery, Drone x3  
  67  6:31  Drone  
  71  6:39  Zerg Melee Weapons Level 2  
  71  6:41  Zerg Ground Armor Level 2  
  71  7:04  Zergling x4  
  71  7:06  Overlord x4  
  73  7:14  Queen  
  75  7:17  Zerg Flyer Weapons Level 1  
  75  7:20  Mutalisk x3  
  81  7:23  Mutalisk x2  
  81  7:24  Mutalisk  
  81  7:26  Zergling x2  
  81  7:27  Baneling x4  
  81  7:28  Zergling x10  
  81  7:29  Zergling x2  
  94  7:30  Zergling x2  
  94  7:31  Zergling x2  
  94  7:33  Zergling x2  
  94  7:34  Mutalisk  
  98  7:37  Zergling x2  
  98  7:39  Zergling x4  
  98  7:40  Zergling x2  
  98  7:43  Mutalisk  
  98  7:44  Mutalisk  
  102  7:46  Zergling x2  
  102  7:47  Baneling x2  
  102  7:50  Zergling x2  
  102  7:51  Zergling x4  
  110  8:02  Mutalisk x2  
  106  8:05  Zergling x4  
  106  8:06  Zergling x2  
  106  8:10  Mutalisk  
  109  8:12  Overlord  
  109  8:13  Overlord x3  
  109  8:21  Hydralisk Den  
  109  8:22  Zergling x2  
  109  8:38  Mutalisk x5  
  119  8:41  Zergling x2  
  119  8:42  Zergling x4  
  119  8:44  Zergling x10  
  119  8:45  Drone  
  119  8:47  Drone x3  
  119  8:48  Drone x2  
  133  8:54  Lurker Den, Infestation Pit  
  132  8:59  Zergling x6  
  132  9:02  Drone x2  
  137  9:03  Drone  
  137  9:04  Drone  
  137  9:19  Zergling x4  
  137  9:20  Zergling x4  
  141  9:31  Overlord x3  
  141  9:34  Overlord x4  
  141  9:35  Overlord x2  
  141  9:50  Hydralisk x2  
  141  9:51  Hydralisk x4  
  147  9:53  Hive  
  147  9:54  Zergling x4  
  147  9:55  Baneling x4  
  147  9:56  Baneling x2  
  147  9:57  Drone  
  147  9:59  Zergling x4  
  152  10:02  Zergling x4  
  152  10:06  Baneling  
  152  10:07  Baneling x5  
  154  10:08  Zergling x6  
  157  10:15  Overseer  
  157  10:20  Drone x3  
  160  10:22  Lurker, Spine Crawler x2, Extractor x2  
  160  10:23  Lurker x3  
  154  10:37  Lurker x2  
  154  10:38  Zergling x16  
  154  10:39  Zergling x2  
  154  10:40  Zergling x4  
  168  10:50  Zergling x4  
  168  10:51  Hydralisk x2  
  168  10:52  Hydralisk  
  146  11:07  Zergling x2  
  146  11:08  Zergling x2  
  146  11:10  Zergling x8  
  138  11:11  Zergling x4  
  138  11:12  Zergling x14  
  138  11:16  Drone x3, Ultralisk Cavern  
  149  11:27  Zerg Melee Weapons Level 3  
  149  11:33  Lurker x3  
  150  11:43  Mutalisk, Baneling x6  
  150  11:44  Mutalisk  
  149  11:58  Hatchery  
  148  12:01  Ultralisk Cavern  
  148  12:07  Chitinous Plating  
  147  12:10  Ultralisk x2  
  119  12:23  Zergling x2  
  119  12:24  Zergling x14  
  127  12:38  Ultralisk x2  
  127  12:40  Zergling x6  
  127  12:41  Zergling x2  
  143  12:45  Hydralisk  
  142  12:57  Hydralisk x2  
  146  13:03  Ultralisk  
  146  13:04  Ultralisk  
  157  13:11  Zergling x8  
  157  13:12  Zergling x2  
  162  13:14  Lurker  
  162  13:15  Zergling x8  
  167  13:30  Zergling x4, Baneling x3  
  160  13:44  Mutalisk  
  160  13:45  Mutalisk x6  
  156  13:48  Zergling x2  
  156  13:50  Zergling x6  
  156  13:51  Zergling x6  
  160  13:58  Lurker  
  160  13:59  Lurker  
  160  14:00  Drone x3  
  162  14:22  Zergling x8  
  162  14:23  Zergling x2  
  162  14:24  Zergling x4  
  175  14:26  Zergling x10  
  175  14:27  Zergling x2  
  175  14:28  Drone  
Tags
 
Add a new tag
Caveats
  • Supply blocks, unpowered buildings, or Contaminate may cause inaccurate times.
  • Supply counts are checked every 10 seconds.